 Dungeon Crawl Stone Soup version 0.25-a0-10-g2fe12d4386 (webtiles) character file.

Game seed: 5163168734630786265, levelgen mode: deterministic

403 Mattoad the Cudgeler (level 6, -3/58 HPs)
             Began as a Minotaur Berserker on Oct 15, 2019.
             Was a Believer of Trog.
             Slain by a worker ant (5 damage)
             ... on level 4 of the Dungeon.
             The game lasted 00:12:58 (3523 turns).

Mattoad the Cudgeler (Minotaur Berserker)           Turns: 3523, Time: 00:13:06

Health: -3/58      AC:  3    Str: 22    XL:     6   Next: 55%
Magic:  5/5        EV: 12    Int:  4    God:    Trog [**....]
Gold:   177        SH:  0    Dex: 11    Spells: 5/5 levels left

rFire    . . .     SeeInvis .   a - +1 mace
rCold    . . .     Gourm    .   (no shield)
rNeg     . . .     Faith    +   b - +0 animal skin
rPois    .         Spirit   .   (helmet restricted)
rElec    .         Reflect  .   (no cloak)
rCorr    .         Harm     .   k - +0 pair of gloves
MR       .....                  (no boots)
Stlth    +.........             o - amulet of faith
HPRegen  0.19/turn              (no ring)
MPRegen  0.09/turn              (no ring)

@: no status effects
A: retaliatory headbutt, horns 2
a: Berserk, Trog's Hand, Renounce Religion


You were on level 4 of the Dungeon.
You worshipped Trog.
Trog was pleased with you.
You were not hungry.

You visited 1 branch of the dungeon, and saw 4 of its levels.

You collected 177 gold pieces.

Inventory:

Hand Weapons
 a - a +1 mace (weapon)
Armour
 b - a +0 animal skin (worn)
 k - a +0 pair of gloves (worn)
Jewellery
 o - an amulet of faith (around neck)
Wands
 n - a wand of random effects (18)
Scrolls
 e - a scroll of teleportation
 g - 4 scrolls of magic mapping {unknown}
Potions
 d - a potion of resistance
 h - 5 potions of heal wounds
 i - 2 potions of curing
 j - a potion of agility
 l - a potion of might {unknown}
Comestibles
 c - 8 rations
 f - 9 chunks of flesh


   Skills:
 + Level 6.4 Fighting
 + Level 7.1 Maces & Flails
 - Level 2.5 Armour
 - Level 2.3 Dodging


You had 5 spell levels left.
You didn't know any spells.
Your spell library was empty.

Dungeon Overview and Level Annotations

Branches:
Dungeon (4/15)             Temple (0/1) D:4

Altars:
Cheibriados
Kikubaaqudgha
Vehumet

Annotations:
D:4 1 transporter


Innate Abilities, Weirdness & Mutations

You reflexively headbutt those who attack you in melee.
You have a pair of horns on your head.


Message History

The worker ant barely misses you.
You hit the worker ant.
The worker ant is heavily wounded.
The worker ant barely misses you.
You hit the worker ant but do no damage.
The worker ant is heavily wounded.
The worker ant bites you but does no damage.
You barely miss the worker ant.
The worker ant is moderately wounded.
The worker ant barely misses you. The worker ant bites you.
You hit the worker ant. You headbutt the worker ant.
The worker ant is severely wounded.
The worker ant bites you.
You closely miss the worker ant.
The worker ant is severely wounded.
The two-headed ogre hits you with a +0 giant spiked club!
The two-headed ogre hits you with a +0 giant club!!
* * * LOW HITPOINT WARNING * * *
The worker ant bites you.
You die...

###.## #....#.# #.#
#...#.## #####.##
#...#### #......#
#.......
#.###..######...####
###...............
#...........>.....
#.O...............
#@###.#####...####
#..†a.### #.......
#.........# #...####
#..⌠.....⌠..# #...#
#.....⌠.....####...#
##._.###._.##......#
## #### ########...#
#. ###..####...# #.
##...#..<..#.###.


You could see a two-headed ogre and a worker ant.

Vanquished Creatures
  An orc priest (D:4)
  A hound (D:4)
  3 orc wizards
  Jessica (D:2)
  An iguana (D:4)
  Natasha (twice) (D:2)
  11 adders
  An ooze (D:4)
  A dart slug (D:1)
  4 leopard geckos
  10 orcs
  3 giant cockroaches (D:3)
  2 goblins
  5 hobgoblins
  4 jackals (D:2)
  3 quokkas
  5 bats
  A frilled lizard (D:2)
  8 kobolds
  3 rats
70 creatures vanquished.

Notes
Turn   | Place    | Note
-------+----------+-------------------------------------------
     0 | D:1      | Mattoad the Minotaur Berserker began the quest for the Orb.
     0 | D:1      | Reached XP level 1. HP: 19/19 MP: 0/0
   486 | D:1      | Reached XP level 2. HP: 23/27 MP: 1/1
   757 | D:2      | Reached skill level 4 in Maces & Flails
  1083 | D:2      | Reached XP level 3. HP: 25/34 MP: 2/2
  1109 | D:2      | Noticed Jessica
  1169 | D:2      | Killed Jessica
  1169 | D:2      | Reached XP level 4. HP: 39/41 MP: 3/3
  1233 | D:2      | Reached skill level 5 in Maces & Flails
  1269 | D:2      | Reached skill level 5 in Fighting
  1328 | D:2      | Noticed Natasha
  1335 | D:2      | Killed Natasha
  1335 | D:2      | Reached ** piety under Trog
  1420 | D:2      | Reached XP level 5. HP: 48/48 MP: 4/4
  1456 | D:2      | Noticed Natasha
  1464 | D:2      | Killed Natasha
  2350 | D:3      | Found an ancient bone altar of Kikubaaqudgha.
  2559 | D:3      | Reached skill level 6 in Maces & Flails
  3356 | D:4      | Reached XP level 6. HP: 55/57 MP: 5/5
  3429 | D:4      | Found a transporter.
  3430 | D:4      | Noticed an ice beast
  3430 | D:4      | Noticed an ice beast
  3469 | D:4      | Found a staircase to the Ecumenical Temple.
  3511 | D:4      | Found a radiant altar of Vehumet.
  3512 | D:4      | Found a snail-covered altar of Cheibriados.
  3516 | D:4      | Reached skill level 7 in Maces & Flails
  3516 | D:4      | Noticed a two-headed ogre
  3523 | D:4      | HP: 2/58 [two-headed ogre/+0 giant spiked club (24)]
  3523 | D:4      | Slain by a worker ant

Levels and vault maps discovered:
D:1:      minmay_arrival_semitransparent, layout_basic, grunt_decor_fettered
D:2:      layout_basic, uniq_jessica, uniq_natasha
D:3:      layout_loops_ring, kiku_gazebo_pond_becter, first_ration
D:4:      gammafunk_cloud_chamber, layout_loops_cross,
          gammafunk_temple_overflow_pools, minmay_temple_entry_antechambers

Skill      XL: |  1  2  3  4  5  6 |
---------------+-------------------+-----
Fighting       | 4 5 6 |  6.4
Maces & Flails | 4 5 6 7 |  7.1
Armour         | |  2.5
Dodging        | |  2.3

Action                   |  1- 3 |  4- 6 || total
-------------------------+-------+-------++-------
Melee: Mace              |    35 |   139 ||   174
       Headbutt          |     2 |    19 ||    21
Invok: Berserk           |     2 |     2 ||     4
  Use: Scroll            |       |     9 ||     9
 Stab: Sleeping          |     1 |     1 ||     2
  Eat: Chunk             |     2 |    10 ||    12
Armor: Animal skin       |    11 |    27 ||    38
Dodge: Dodged            |    34 |    81 ||   115

Table legend:
 A = Non-vault XP
 B = Vault XP
 C = Vault XP percentage of total XP
 D = Non-vault monster count
 E = Vault monster count
 F = Vault count percentage of total count
                 A         B        C        D         E       F
            +---------+---------+-------+---------+---------+-------
      Total |     505 |      72 |  12.5 |      68 |       2 |   2.9
            +---------+---------+-------+---------+---------+-------
        D:1 |      17 |       0 |   0.0 |       8 |       0 |   0.0
        D:2 |     157 |      72 |  31.4 |      25 |       2 |   7.4
        D:3 |     103 |       0 |   0.0 |      19 |       0 |   0.0
        D:4 |     228 |       0 |   0.0 |      16 |       0 |   0.0
            +---------+---------+-------+---------+---------+-------
